Workbook

Sheet 3.3. Jurídica
A1: LOTE 2 5. CAPITULO - VERIFICACIÓN Y EVALUACIÓN DE LAS PROPUESTAS Y SELECCIÓN DE ALIADOS PROVEEDORES 5.1 VERIFICACIÓN JURÍDICA | C1: MUNDOMOTRIZ S.A.S NIT: 901.810.895-9 | G1: RUTA 30 SOLUTIONS S.A.S NIT:900.813.442-6 | K1: JAFE S.A.S NIT: 900.221.542-3 | O1: GAMA MOTORES NIT:
C2: APORTADO | D2: FOLIO FÍSICO N° | E2: OBSERVACIÓN | F2: REQUERIDO | G2: APORTADO | H2: FOLIO FÍSICO N° | I2: OBSERVACIÓN | J2: REQUERIDO | K2: APORTADO | L2: FOLIO FÍSICO N° | M2: OBSERVACIÓN | N2: REQUERIDO | O2: APORTADO | P2: FOLIO FÍSICO N° | Q2: OBSERVACIÓN | R2: REQUERIDO
A3: UBICACIÓN PLIEGO | B3: DESCRIPCIÓN REQUISITO
A4: 3.3.1 | B4: Carta de presentación (Anexo N° 1) | C4: SI | D4: 1-3 | E4: Carta firmada por representante legal, expresando aceptación del pliego de condicones y adendas | F4: NO | G4: SI | H4: 1-2 | I4: Carta firmada por representante legal, expresando aceptación del pliego de condicones y adendas | J4: NO | K4: SI | L4: 3-4 | M4: Carta firmada por representante legal, expresando aceptación del pliego de condicones y adendas | N4: NO | O4: SI | P4: 1-2 | Q4: Carta firmada por representante legal, expresando aceptación del pliego de condicones y adendas | R4: NO
A5: 3.3.2 | B5: Documento identidad del representante legal | C5: SI | D5: 4 | E5: Fotocopia de cédula de ciudadanía por ambas caras Representante Legal Verónica Marcela Zapata | F5: NO | G5: SI | H5: 3 | I5: Fotocopia de cédula de ciudadanía por ambas caras Representante Legal John Nelson Zapata Franco | J5: NO | K5: SI | L5: 5 | M5: Fotocopia de cédula de ciudadanía por ambas caras Representante Legal Angel Marielo Osorno Franco | N5: NO | O5: SI | P5: 3-4 | Q5: Fotocopia de cédula de ciudadanía por ambas caras Representante Legal Alba Mery Delgado Pérez | R5: NO
A6: 3.3.3 | B6: Certificado de existencia y representación legal (Con fecha no anterior a 1 mes a la fecha del cierre) La duración de la persona jurídica no sea inferior al plazo del contrato y tres (3) años más. | C6: SI | D6: 5-13 | E6: Documento expedido el 21/08/2026 MUNDOMOTRIZ S.A.S NIT: 901.810.895-9 Objeto social: Mantenimiento y reparación de vehículos automotores Duración: indefinida | F6: NO | G6: SI | H6: 4-14 | I6: Documento expedido el 31/08/2026 RUTA 30 SOLUTIONS S.A.S NIT: 900.813.442-6 Objeto social: prestación de servicios de mantenimiento preventivo y correctivo para todo tipo de vehículos. Duración: 01/06/2121 | J6: NO | K6: SI | L6: 7-16 | M6: Documento expedido el 02/09/2026 JAFE S.A.S Objeto social: Prestación de servicios de mantenimiento preventivo y correctivo para todo tipo de vehículos multimarcas. Duración: 04/06/2121 | N6: NO | O6: SI | P6: 5-16 | Q6: Documento expedido el 14/08/2026 GAMA MOTORES S.A.S Objeto social: Prestar servicios de mantenimiento, reparación, soporte técnico, adecuación de vehículos automotores Duración: indefinida | R6: NO
B7: Certificado de autorización para contratar, cuando aplique | E7: N/A | G7: SI | H7: 15-16 | I7: N/A | J7: NO | M7: N/A | Q7: N/A
A9: 3.3.4 | B9: Registro Único Tributario-RUT | C9: SI | D9: 14-17 | E9: Documento generado 17/07/2026 Actividad principal 4520 otras actividades 4542 | F9: NO | G9: SI | H9: 17-22 | I9: Documento generado 02/09/2026 Actividad principal 4542 | J9: NO | K9: SI | L9: 17 -21 | M9: Documento generado 24/08/2026 Actividad 4520 | N9: NO | O9: SI | P9: 17-21 | Q9: Documento generado 27/07/2026 Actividad 4520 | R9: NO
A10: 3.3.5 | B10: Acreditación Certificación de Pagos de sistema de Seguridad Social Integral y Parafiscales- (Anexo 2) | C10: SI | D10: 18-21 | E10: Certificación expedida por Revisora Fiscal | F10: NO | G10: SI | H10: 23-24 | I10: Certificación expedida por Revisora Fiscal | J10: NO | K10: SI | L10: 23-27 | M10: Certificación expedida por Revisora Fiscal | N10: NO | O10: SI | P10: 22-33 | Q10: Certificación expedida por Revisora Fiscal | R10: SI Debe ajustar anexo 2 con el No. de CC correcta de la revisora fiscal
A11: 3.3.6 | B11: Registro Único de Proponentes – RUP (30 dias calendario)781815 | C11: SI | D11: 22-65 | E11: Documento expedido el 03/09/2026 Código clasificación UNSPS 781815 Renovado, en firme. No reporta multas ni sanciones | F11: NO | G11: SI | H11: 26-195 | I11: Documento expedido el 01/09/2026 Código clasificación UNSPS 781815 Renovado, en firme. No reporta multas ni sanciones | J11: NO | K11: SI | L11: 29-103 | M11: Documento expedido el 24/08/2026 Código clasificación UNSPS 781815 Renovado, en firme. No presenta sanciones ni multas | N11: NO | O11: SI | P11: 34-58 | Q11: Documento expedido el 14/08/2026 Código clasificación UNSPS 781815 Renovado, en firme. Se presenta RUP de la pág 1 a 25 | R11: SI Debe aportar el RUP completo Pag 26 a 632
A12: 3.3.7 | B12: Certificado de Procuraduría General de la Nación de la empresa y RL | C12: SI | D12: 66-67 | E12: Consultado 03/09/2026 | F12: NO | G12: SI | H12: 197-198 | I12: Consultado 22/08/2026 | J12: NO | K12: SI | L12: 105-106 | M12: Consultado 24/08/2026 | N12: NO | O12: SI | P12: 59-60 | Q12: Consultado 03/09/2026 | R12: NO
A13: 3.3.8 | B13: Certificado de Contraloría General de la Nación de la empresa y del RL | C13: SI | D13: 68-69 | E13: Consultado 03/09/2026 | F13: NO | G13: SI | H13: 199-200 | I13: Consultado 03/09/2026 | J13: NO | K13: SI | L13: 109-111 | M13: Consultado 24/08/2026 | N13: NO | O13: SI | P13: 61-62 | Q13: Consultado 03/09/2026 | R13: NO
A14: 3.3.9 | B14: Certificado de antecedentes judiciales | C14: SI | D14: 70-71 | E14: Consultado 03/09/2026 | F14: NO | G14: SI | H14: 201-202 | I14: Consultado 07/09/2026 | J14: NO | K14: SI | L14: 113-114 | M14: Consultado 24/08/2026 | N14: NO | O14: SI | P14: 63-64 | Q14: Consultado 03/09/2026 | R14: NO
A15: 3.3.10 | B15: Certificado del Registro Nacional de Medidas Correctivas-RNMC, donde conste que a la persona o representante legal no le han sido impuestas multas por infracción del Código de Policía o, si presenta multas | C15: SI | D15: 72-73 | E15: Consultado 03/09/2026 | F15: NO | G15: SI | H15: 203 | I15: Consultado 22/08/2026 | J15: NO | K15: SI | L15: 115-116 | M15: Consultado 24/08/2026 | N15: NO | O15: SI | P15: 65 | Q15: Consultado 03/09/2026 | R15: NO
A16: 3.3.11 | B16: Certificado de la Consulta de Inhabilidades de la Ley 1918 de 2018 | C16: SI | D16: 74 | E16: Consultado 03/09/2026 | F16: NO | G16: SI | H16: 204 | I16: Consultado 22/08/2026 | J16: NO | K16: SI | L16: 117-118 | M16: Consultado 24/08/2026 | N16: NO | O16: SI | P16: 66 | Q16: Consultado 03/09/2026 | R16: NO
A17: 3.3.12 | B17: Certificado REDAM | C17: SI | D17: 75 | E17: Consultado 03/09/2026 | F17: NO | G17: SI | H17: 205 | I17: Consultado 22/08/2026 | J17: NO | K17: SI | L17: 119 | M17: Consultado 01/09/2026 | N17: NO | O17: SI | P17: 67 | Q17: Consultado 08/09/2026 | R17: NO
A18: 3.3.13 | B18: Diligenciar formato de autorización de tratamiento de datos personales (anexo 3) | C18: SI | D18: 76-77 | E18: Anexo No. 3 expedido el 10/09/2026 | F18: NO | G18: SI | H18: 206 | I18: Anexo No. 3 expedido el 10/06/2026 | J18: NO | K18: SI | L18: 121 | M18: Anexo No. 3 | N18: NO | O18: SI | P18: 68 | Q18: Anexo No. 3 | R18: NO
A19: 3.3.14 | B19: Garantía para cubrir los riesgos derivados del incumplimiento del ofrecimiento: El proponente deberá anexar garantía de seriedad de la propuesta, a favor de la EMPRESA PARA LA SEGURIDAD Y SOLUCIONES URBANAS ESU”, con NIT. 890.984.761-8, constituida ante una compañía de seguros o entidad bancaria legalmente establecida en Colombia, o patrimonio autónomo, y que contenga los siguientes aspectos: $1.500.000.000 Vigencia: Tres (3) meses Tomador y/o afianzado: La garantía deberá tomarse con el nombre o razón social que figura en el Certificado de Existencia y Representación Legal expedido por la Cámara de Comercio. Asegurado y beneficiario: Empresa para la Seguridad y Soluciones Urbanas – ESU. Objeto y numero del proceso y lote. Firmas del tomador y de la aseguradora que la expide | C19: SI | D19: 78-83 | E19: Póliza No. 65-44-101251848 Seguros del Estado S.A | F19: NO | G19: SI | H19: 207-2028 | I19: Póliza No. CEA-100002090 Compañía Mundial de Seguros S.A | J19: NO | K19: SI | L19: 125-139 | M19: Póliza No.CEA-100002089 Compañía Mundial de Seguros S.A | N19: NO | O19: SI | P19: 69-81 | Q19: Póliza No.400078709 Nacional de Seguros S.A | R19: NO
A20: 3.3.15 | B20: Documentación para acreditar la implementación del sistema de gestión de seguridad en el trabajo (SG-SST) | C20: SI | D20: 84-108 | E20: Se encuentra en el 100% Designan a Maria Isabel Cardenas Velez Licencia vigente Maria Isabel Cardenas Velez | F20: NO | G20: SI | H20: 209-247 | I20: Se encuentra en el 100% Designan a Jhon Eduard Zapata Macias Licencia vigente Jhon Eduard Zapata Macias | J20: NO | K20: SI | L20: 141-177 | M20: Se encuentra en el 98% Designan a Luz Adiela Cardenas Tobon Licencia vigente Luz Adiela Cardenas Tobón | N20: NO | O20: SI | P20: 82-112 | Q20: Se encuentra en el 98% Designan a Francia Yolima Gallego Jaramillo Licencia vigente Designan a Francia Yolima Gallego Jaramillo | R20: NO
A21: RESULTADO | C21: HABILITADO | G21: HABILITADO | K21: HABILITADO | O21: NO HABILITADO

Sheet 5,2. Fin y Org
A1: 5. CAPITULO - VERIFICACIÓN Y EVALUACIÓN DE LAS PROPUESTAS 5.2. CAPACIDAD FINANCIERA Y ORGANIZACIONAL
A2: NOMBRE DEL PROPONENTE | B2: 3. MUNDOMOTRIZ S.A.S | C2: 4. RUTA 30 SOLUTIONS S.A.S. | D2: 5. JAFE S.A.S | E2: 6. GAMA AUTOMORES S.A.S.
A3: Clasificación | B3: Micro | C3: Mediana | D3: Pequeña | E3: Pequeña
A4: NIT | B4: 901810895 | C4: 900813442 | D4: 900221542 | E4: 800023917
A5: Corte de la información financiera | B5: 46022 | C5: 46022 | D5: 46022 | E5: 46022
A6: Fecha de RUP | B6: 46268 | C6: 46266 | D6: 46258 | E6: 46248
A7: Folio | B7: 25 | C7: 29-30 | D7: 31-32 | E7: 36-37
A8: Activo Corriente | B8: 1911541000 | C8: 7228696428 | D8: 2578902885 | E8: 3868098112
A9: Activo Total | B9: 2341203520 | C9: 9237304728 | D9: 2942618885 | E9: 4760434990
A10: Pasivo Corriente | B10: 150278820 | C10: 154938525 | D10: 272547346 | E10: 749221614
A11: Pasivo Total | B11: 191921350 | C11: 1177166203 | D11: 272547346 | E11: 1847368098
A12: Patrimonio Neto | B12: 2149282170 | C12: 8060138525 | D12: 2670071539 | E12: 2913066892
A13: Utilidad Operacional | B13: 502944115 | C13: 4318704905 | D13: 707217803 | E13: 798825210
A14: Gastos de intereses | B14: 5800000 | C14: 11900000 | D14: 0 | E14: 25502351
A15: LIQUIDEZ | B15: =+B8/B10 -> 12.719963 | C15: =+C8/C10 -> 46.655255 | D15: =+D8/D10 -> 9.4622198 | E15: =+E8/E10 -> 5.1628224
A16: ENDEUDAMIENTO | B16: =+B11/B9 -> 0.081975509 | C16: =+C11/C9 -> 0.12743611 | D16: =+D11/D9 -> 0.092620675 | E16: =+E11/E9 -> 0.38806708
A17: CAPITAL DE W | B17: =+B8-B10 -> 1761262180 | C17: =+C8-C10 -> 7073757903 | D17: =+D8-D10 -> 2306355539 | E17: =+E8-E10 -> 3118876498
A18: % COBERTURA DE INTERESES | B18: =+B13/B14 -> 86.714503 | C18: =+C13/C14 -> 362.91638 | D18: Indeterminado | E18: =+E13/E14 -> 31.323591
A19: % RENTABILIDAD DEL PATRIMONIO | B19: =+B13/B12 -> 0.23400562 | C19: =+C13/C12 -> 0.53581026 | D19: =+D13/D12 -> 0.26486848 | E19: =+E13/E12 -> 0.27422138
A20: % RENTABILIDAD DEL ACTIVO | B20: =+B13/B9 -> 0.21482289 | C20: =+C13/C9 -> 0.46752868 | D20: =+D13/D9 -> 0.24033619 | E20: =+E13/E9 -> 0.16780509
A21: RESULTADO | B21: =+IF(AND(B15>=2.5,B16<=0.5,B17>=1600000000,B18>=4,B19>=0.11,B20>=0.09),"HABILITADO","NO HABILITADO") -> HABILITADO | C21: =+IF(AND(C15>=2.5,C16<=0.5,C17>=1600000000,C18>=4,C19>=0.11,C20>=0.09),"HABILITADO","NO HABILITADO") -> HABILITADO | D21: =+IF(AND(D15>=2.5,D16<=0.6,D17>=1100000000,D18>=4,D19>=0.11,D20>=0.09),"HABILITADO","NO HABILITADO") -> HABILITADO | E21: =+IF(AND(E15>=2.5,E16<=0.5,E17>=1600000000,E18>=4,E19>=0.11,E20>=0.09),"HABILITADO","NO HABILITADO") -> HABILITADO

Sheet 5.3.1. Experiencia
B2: 5. CAPITULO - VERIFICACIÓN Y EVALUACIÓN DE LAS PROPUESTAS 5.3. CAPACIDAD TÉCNICA 5.3.1 Experiencia General Habilitante | D2: 3. MUNDOMOTRIZ S.A.S NIT. 901.810.895-9 | F2: 4. RUTA 30 SOLUTIONS S.A.S 900.813.442-6 | I2: 5. JAFE S.A.S. 900.221.542-3 | K2: 6. GAMA AUTOMOTORES S.A.S NIT. 800.023.917-1
D3: Contrato 1 | E3: Contrato 2 | F3: Contrato 1 | G3: Contrato 2 | H3: Contrato 3 | I3: Contrato 1 | J3: Contrato 2 | K3: Contrato 1 | L3: Contrato 2 | M3: Contrato 3
B4: Folio | D4: 565-586 | E4: 587 | F4: 548 | G4: 549 | H4: 552 | I4: 324 | J4: 325-326 | K4: 115-117 | L4: 118-123 | M4: 124-125
B5: Contratos certificados en papel membrete ejecutados y terminados con entidades públicas o privadas | D5: SI | E5: SI | F5: SI | G5: SI | H5: SI | I5: SI | J5: SI | K5: SI | L5: SI | M5: SI
B6: Contratos certificados inscritos en el RUP codigo 781815 | D6: 78181500 | E6: 78181500 | F6: 78181500 | G6: 78181500 | H6: 78181500 | I6: 781815 | J6: 781815 | K6: 78181500 | L6: 78181500 | M6: 78181500
B7: Contratos certificados cuyo objeto y/o alcance y/o actividades estén relacionadas con Mantenimiento y Reparación para Motocicletas, máximo 3 contratos | D7: POLICIA METROPOLITANA DEL VALLE DE ABURRA No. SA MC 005 2021 -12-7-10070-21 | E7: EMPRESAS PÚBLICAS DE JARDÍN S.A. E.S.P No. 200-06-09-046 de 2025 | F7: POLICIA METROPOLITANA DE PEREIRA No.82-7-10024-20 | G7: POLICIA METROPOLITANA DE PEREIRA No. 82-7-10022-22 | H7: POLICIA METROPOLITANA DE PEREIRA No. 82-10022-23 | I7: POLICIA METROPOLITANA DEL VALLE DE ABURRÁ No. 12-710063-15 | J7: POLICIA METROPOLITANA DEL VALLE DE ABURRÁ No. 12-710088-23 | K7: EMPRESA PARA LA SEGURIDAD Y SOLUCIONES URBANAS-ESU No. 202100164 | L7: EMPRESA PARA LA SEGURIDAD Y SOLUCIONES URBANAS-ESU No. 201900112 | M7: EMPRESA PARA LA SEGURIDAD Y SOLUCIONES URBANAS-ESU No. 202300259
B8: Contratos certificados cuya sumatoria sea igual o superior a MIL QUINIENTOS (1500) SMMLV | D8: 2237.86 | E8: 103.66 | F8: 755.7 | G8: 425.82 | H8: 2164.51 | I8: =2758.02*50% -> 1379.01 | J8: 979.42 | K8: 8066.53 | L8: 3752.83 | M8: 2969
B9: ANEXO No 5- RELACION EXPERIENCIA GENERAL HABILITANTE | D9: APORTA ANEXO-FOLIO 564 | F9: APORTA ANEXO-PAGINA 547 | I9: APORTA ANEXO-PAGINA 323 | K9: APORTA ANEXO FOLIOS 113-114
B10: OBSERVACIÓN | D10: CUMPLE CON ESTE CONTRATO | E10: APORTAN EL CONTRATO PERO NO SE TIENEN EN CUENTA PARA LA EXPERIENCIA, DADO QUE, EL OBJETO NO ES AFIN AL PRESENTE LOTE | K10: NO SE PUEDE VALIDAR LA EXPERIENCIA PORQUE APORTA EL RUP INCOMPLETO
B11: RESULTADO | D11: HABILITADO | F11: HABILITADO | I11: HABILITADO | K11: NO HABILIADO

Sheet 5.3.3 trayectoria
A1: 5. CAPITULO - VERIFICACIÓN Y EVALUACIÓN DE LAS PROPUESTAS 5.3. CAPACIDAD TÉCNICA 5.3.3. Trayectoria | B1: 3. MUNDOMOTRIZ S.A.S NIT. 901.810.895-9 | E1: 4. RUTA 30 SOLUTIONS S.A.S NIT. 900.813.442-6 | H1: 5. JAFE S.A.S. NIT. 900.221.542-3 | K1: 6. GAMA AUTOMOTORES S.A.S NIT. 800.023.917-1
A2: DESCRIPCIÓN REQUISITO | B2: Años | C2: Verificación | D2: Folio | E2: Años | F2: Verificación | G2: Folio | H2: Años | I2: Verificación | J2: Folio | K2: Años | L2: Verificación | M2: Folio
A3: El participante deberá acreditar como mínimo dos (2) años de trayectoria en el mercado, a través de la fecha de la matricula del registro mercantil sede principal y/o certificado de existencia y representación. Así mismo deberá diligenciar el | B3: 2 años 11 de marzo de 2024 | C3: Certificado de Existencia y Representación Legal | D3: 5-13 | E3: 16 | F3: Registro Mercantil | G3: 249-251 páginas | H3: 18 | I3: Certificado de Existencia y Representación Legal | J3: 7-15 | K3: 38 | L3: Certificado de Existencia y Representación Legal | M3: 128
A4: ANEXO No 9 - TRAYECTORIA. | B4: Aporta el Anexo | E4: Aporta el Anexo | H4: Aporta el Anexo | K4: Aporta el Anexo
A5: RESULTADO | B5: CUMPLE | E5: CUMPLE | H5: CUMPLE | K5: CUMPLE

Sheet 5.3.4. Centro de Servicios
A1: 5. CAPITULO - VERIFICACIÓN Y EVALUACIÓN DE LAS PROPUESTAS 5.3. CAPACIDAD TÉCNICA 5.3.4. Centro de servicios | B1: 3. MUNDOMOTRIZ S.A.S NIT. 901.810.895-9 | G1: 4. RUTA 30 SOLUTIONS S.A.S NIT. 900.813.442-6 | L1: 5. JAFE S.A.S. NIT. 900.221.542-3 | Q1: 6. GAMA AUTOMOTORES S.A.S NIT. 800.023.917-1
A2: DESCRIPCIÓN REQUISITO | B2: DIRECCION | C2: ARQUITECTO | D2: (SG-SST | E2: Verificación | F2: Folio | G2: DIRECCION | H2: ARQUITECTO | I2: (SG-SST) | J2: Verificación | K2: Folio | L2: DIRECCION | M2: ARQUITECTO | N2: (SG-SST | O2: Verificación | P2: Folio | Q2: DIRECCION | R2: ARQUITECTO | S2: (SG-SST | T2: Verificación | U2: Folio | V2: Observaciones
A3: Deberán acreditar la disponibilidad de al menos un (1) centro de servicios o taller ubicado en el Distrito Especial de Medellín, el cual deberá contar con la capacidad técnica, operativa y logística necesaria para la atención de motocicletas multimarca. El establecimiento de comercio deberá disponer de un área mínima de 200m2 para el mantenimiento integral de motocicletas, la cual deberá estar debidamente demarcada y evidenciada en los planos que se entregan para su verificación, lo que indica que no se tendrán en cuenta áreas administrativas (tales como: oficinas, archivo recepción, cocinetas, Vestier, etc.) ni el almacén de repuestos. | B3: MEDELLIN CALLE 65 #55 A 43 BARRIO CHAGUALO | C3: JUAN GABRIEL SANCHEZ MATRICULA A26512014-1067850744 | D3: MARIA ISABEL CECILIA CARDENAS VELEZ | E3: CONTRATO DE ARRENDAMIENTO CON SUS RESPECTIVOS OTRO SÍ | F3: 123-154 | G3: MEDELLIN CALLE 30 No. 59-66 | H3: JUAN MANUEL GARCIA MATRICULA: A05042008-71799703 | I3: JHON EDWAR ZAPATA | J3: CONTRATRO DE ARRENDAMIENTO DESDE 01/04/2016 CON OTROSI DEL 01/05/2023 DONDE EL NUEVO ARRENDATARIO ES RUTA 30 | K3: 255-277 PÁGINAS 253- PLANO | L3: MEDELLIN CALLE 30 #59-58 | M3: JUAN MANUEL GARCIA MATRICULA: A05042008-71799703 | N3: LUZ ADIELA CARDENAS TOBON | O3: CONTRATO DE ARRENDAMIENTO DESDE 01/04/2025 | P3: 205-232 229- PLANO | Q3: MEDELLIN CARRERA 43 A No. 30-74 | R3: SANTIAGO LONDOÑO URREGO MATRICULA A27832016-1037630029 | S3: FRANCIA GALLEGO JARAMILLO | T3: CONTRATO DE ARRENDAMIENTO DESDE EL 01/05/2022 | U3: 132-152 130-131 PLANOS | V3: Revisado el plano, el arquitecto certifica un area de trabajo (operativa) de 76,48 M2
A4: RESULTADO | B4: CUMPLE | G4: CUMPLE | L4: CUMPLE | Q4: NO CUMPLE

Sheet 5.3.5 Puestos de trabajo
A1: 5. CAPITULO - VERIFICACIÓN Y EVALUACIÓN DE LAS PROPUESTAS 5.3. CAPACIDAD TÉCNICA 5.3.5. Puestos de trabajo | B1: 3. MUNDOMOTRIZ S.A.S NIT. 901.810.895-9 | E1: 4. RUTA 30 SOLUTIONS S.A.S NIT. 900.813.442-6 | H1: 5. JAFE S.A.S. NIT. 900.221.542-3 | K1: 6. GAMA AUTOMOTORES S.A.S NIT. 800.023.917-1
A2: DESCRIPCIÓN REQUISITO | B2: Cant de puestos | C2: Verificación | D2: Folio | E2: cantidad de puestos | F2: Verificación | G2: Folio | H2: Cant de puestos | I2: Verificación | J2: Folio | K2: Cant de puestos | L2: Verificación | M2: Folio
A3: El proponente deberá contar con un mínimo de diez (10) puestos de trabajo instalados y en y en funcionamiento, estos deberán estar debidamente pintados y demarcados con zonas de libre circulación, para el mantenimiento de las motocicletas. Cada puesto de trabajo debe estar demarcado con zonas de libre circulación y debe disponer de mesa elevadora neumática e hidráulica y por cada dos (2) puestos de trabajo un (1) kit con la herramienta básica. | B3: 10 | C3: CUMPLE CON LAS CONDICIONES DE LOS PUESTOS DE TRABAJO, SE VERIFICAN LOS PUESTOS EN LA VISITA TECNICA | D3: 155 | E3: 10 PUESTOS VEHICULO LIVIANO Y 1 PUESTO VEHICULO PESADO | F3: CUMPLE CON LAS CONDICIONES DE LOS PUESTOS DE TRABAJO, SE VERIFICAN LOS PUESTOS EN LA VISITA TECNICA | G3: 253 | H3: 10 PUESTOS VEHICULO LIVIANO Y 1 PUESTO VEHICULO PESADO | I3: CUMPLE CON LAS CONDICIONES DE LOS PUESTOS DE TRABAJO, SE VERIFICAN LOS PUESTOS EN LA VISITA TECNICA | J3: 329 | K3: 10 | L3: CUMPLE CON LAS CONDICIONES DE LOS PUESTOS DE TRABAJO, SE VERIFICAN LOS PUESTOS EN LA VISITA TECNICA | M3: 130-131
B4: CUMPLE | E4: CUMPLE | H4: CUMPLE | K4: CUMPLE

Sheet 5.3.6 Kit de Herramienta Básica
A1: 5. CAPITULO - VERIFICACIÓN Y EVALUACIÓN DE LAS PROPUESTAS 5.3. CAPACIDAD TÉCNICA 5.3.6. Kit de herramienta básica | B1: 3. MUNDOMOTRIZ S.A.S NIT. 901.810.895-9 | E1: 4. RUTA 30 SOLUTIONS S.A.S NIT. 900.813.442-6 | G1: 5. JAFE S.A.S. NIT. 900.221.542-3 | J1: 6. GAMA AUTOMOTORES S.A.S NIT. 800.023.917-1
A2: DESCRIPCIÓN REQUISITO | B2: Cantidad | C2: Verificación | D2: Folio | E2: Cantidad | F2: Verificación | G2: Cantidad | H2: Verificación | I2: Folio | J2: Cantidad | K2: Verificación
A3: JUEGO DE LLAVES HEXAGONALES | B3: 5 | C3: VERIFICADO EN VISITA | D3: 588-589 | E3: 5 | F3: VERIFICADO EN VISITA | G3: 5 | H3: VERIFICADO EN VISITA | I3: 331 | J3: 5 | K3: VERIFICADO EN VISITA
A4: KIT DESTORNILLADORES(Mínimo 4 de pla y 4 de estrella) | B4: 5 | C4: VERIFICADO EN VISITA | D4: 588-589 | E4: 5 | F4: VERIFICADO EN VISITA | G4: 5 | H4: VERIFICADO EN VISITA | I4: 331 | J4: 5 | K4: VERIFICADO EN VISITA
A5: JUEGO DE DADOS Y RATCHET (con un mínimo de copas hasta la 32) | B5: 5 | C5: VERIFICADO EN VISITA | D5: 588-589 | E5: 5 | F5: VERIFICADO EN VISITA | G5: 5 | H5: VERIFICADO EN VISITA | I5: 331 | J5: 5 | K5: VERIFICADO EN VISITA
A6: ALICATE | B6: 5 | C6: VERIFICADO EN VISITA | D6: 588-589 | F6: VERIFICADO EN VISITA | G6: 5 | H6: VERIFICADO EN VISITA | I6: 331 | J6: 5 | K6: VERIFICADO EN VISITA
A7: KIT LLAVES ALLEN | B7: 5 | C7: VERIFICADO EN VISITA | D7: 588-589 | E7: 5 | F7: VERIFICADO EN VISITA | G7: 5 | H7: VERIFICADO EN VISITA | I7: 331 | J7: 5 | K7: VERIFICADO EN VISITA
A8: PINZA PROFESIONAL DE PUNTA | B8: 5 | C8: VERIFICADO EN VISITA | D8: 588-589 | E8: 5 | F8: VERIFICADO EN VISITA | G8: 5 | H8: VERIFICADO EN VISITA | I8: 331 | J8: 5 | K8: VERIFICADO EN VISITA
A9: MARTILLO DE GOMA | B9: 5 | C9: VERIFICADO EN VISITA | D9: 588-589 | E9: 5 | F9: VERIFICADO EN VISITA | G9: 5 | H9: VERIFICADO EN VISITA | I9: 331 | J9: 5 | K9: VERIFICADO EN VISITA
A10: LLAVE DE EXPANSIÓN | B10: 5 | C10: VERIFICADO EN VISITA | D10: 588-589 | E10: 5 | F10: VERIFICADO EN VISITA | G10: 5 | H10: VERIFICADO EN VISITA | I10: 331 | J10: 5 | K10: VERIFICADO EN VISITA
A11: HOMBRESOLO | B11: 5 | C11: VERIFICADO EN VISITA | D11: 588-589 | E11: 5 | F11: VERIFICADO EN VISITA | G11: 5 | H11: VERIFICADO EN VISITA | I11: 331 | J11: 5 | K11: VERIFICADO EN VISITA
A12: CORTAFRÍO | B12: 5 | C12: VERIFICADO EN VISITA | D12: 588-589 | E12: 5 | F12: VERIFICADO EN VISITA | G12: 5 | H12: VERIFICADO EN VISITA | I12: 331 | J12: 5 | K12: VERIFICADO EN VISITA
A13: MULTIMETRO | B13: 5 | C13: VERIFICADO EN VISITA | D13: 588-589 | E13: 5 | F13: VERIFICADO EN VISITA | G13: 5 | H13: VERIFICADO EN VISITA | I13: 331 | J13: 5 | K13: VERIFICADO EN VISITA
A14: RESULTADO | B14: CUMPLE | E14: CUMPLE | G14: CUMPLE | J14: CUMPLE

Sheet 5.3.7 Kit de Herramienta Especi
A1: 5. CAPITULO - VERIFICACIÓN Y EVALUACIÓN DE LAS PROPUESTAS 5.3. CAPACIDAD TÉCNICA 5.3.7. Kit de herramienta especializada | B1: 3. MUNDOMOTRIZ S.A.S NIT. 901.810.895-9 | E1: 4. RUTA 30 SOLUTIONS S.A.S NIT. 900.813.442-6 | G1: 5. JAFE S.A.S. NIT. 900.221.542-3 | J1: 6. GAMA AUTOMOTORES S.A.S NIT. 800.023.917-1
A2: DESCRIPCIÓN REQUISITO | B2: Cantidad | C2: Verificación | D2: Folio | E2: Cantidad | F2: Verificación | G2: Cantidad | H2: Verificación | I2: Folio | J2: Cantidad | K2: Verificación
A3: SCANNER OBD MULTIMARCA | B3: 1 | C3: VERIFICADO EN VISITA | D3: 590-591 | E3: 1 | F3: VERIFICADO EN VISITA | G3: 1 | H3: SE VERIFICA EN VISITA TECNICA | I3: 333 | J3: 1 | K3: VERIFICADO EN VISITA
A4: MESA ELEVADORA NEUMÁTICA E HIDRAÚLICA | B4: 10 | C4: VERIFICADO EN VISITA | D4: 590-591 | E4: 10 | F4: VERIFICADO EN VISITA | G4: 10 | H4: SE VERIFICA EN VISITA TECNICA | I4: 333 | J4: 10 | K4: VERIFICADO EN VISITA
A5: SOLDADOR ELÉCTRICO | B5: 1 | C5: VERIFICADO EN VISITA | D5: 590-591 | E5: 1 | F5: VERIFICADO EN VISITA | G5: 1 | H5: SE VERIFICA EN VISITA TECNICA | I5: 333 | J5: 1 | K5: VERIFICADO EN VISITA
A6: PISTOLA NEUMÁTICA | B6: 5 | C6: VERIFICADO EN VISITA | D6: 590-591 | E6: 5 | F6: VERIFICADO EN VISITA | G6: 5 | H6: SE VERIFICA EN VISITA TECNICA | I6: 333 | J6: 5 | K6: VERIFICADO EN VISITA
A7: TORQUÍMETRO | B7: 2 | C7: VERIFICADO EN VISITA | D7: 590-591 | E7: 2 | F7: VERIFICADO EN VISITA | G7: 2 | H7: SE VERIFICA EN VISITA TECNICA | I7: 333 | J7: 2 | K7: VERIFICADO EN VISITA
A8: CALIBRADOR DE LÁMINAS (Galgas) | B8: 2 | C8: VERIFICADO EN VISITA | D8: 590-591 | E8: 2 | F8: VERIFICADO EN VISITA | G8: 2 | H8: SE VERIFICA EN VISITA TECNICA | I8: 333 | J8: 2 | K8: VERIFICADO EN VISITA
A9: COMPRESOR DE AIRE | B9: 1 | C9: VERIFICADO EN VISITA | D9: 590-591 | E9: 1 | F9: VERIFICADO EN VISITA | G9: 1 | H9: SE VERIFICA EN VISITA TECNICA | I9: 333 | J9: 1 | K9: VERIFICADO EN VISITA
A10: RED DE AIRE | B10: 1 | C10: VERIFICADO EN VISITA | D10: 590-591 | E10: 1 | F10: VERIFICADO EN VISITA | G10: 1 | H10: SE VERIFICA EN VISITA TECNICA | I10: 333 | J10: 1 | K10: VERIFICADO EN VISITA
A11: MEDIDOR DE PRESION LLANTA | B11: 1 | C11: VERIFICADO EN VISITA | D11: 590-591 | E11: 1 | F11: VERIFICADO EN VISITA | G11: 1 | H11: SE VERIFICA EN VISITA TECNICA | I11: 333 | J11: 1 | K11: VERIFICADO EN VISITA
A12: DESTORNILLADOR DE IMPACTO | B12: 2 | C12: VERIFICADO EN VISITA | D12: 590-591 | E12: 2 | F12: VERIFICADO EN VISITA | G12: 2 | H12: SE VERIFICA EN VISITA TECNICA | I12: 333 | J12: 2 | K12: VERIFICADO EN VISITA
A13: BOMBA DE VACÍO PARA PURGAR FRENOS | B13: 1 | C13: VERIFICADO EN VISITA | D13: 590-591 | E13: 1 | F13: VERIFICADO EN VISITA | G13: 1 | H13: SE VERIFICA EN VISITA TECNICA | I13: 333 | J13: 1 | K13: VERIFICADO EN VISITA
A14: EXTRACTOR DE VOLANTES (1 de Suzuki y 1 de Yamaha) | B14: 2 | C14: VERIFICADO EN VISITA | D14: 590-591 | E14: 2 | F14: VERIFICADO EN VISITA | G14: 2 | H14: SE VERIFICA EN VISITA TECNICA | I14: 333 | J14: 2 | K14: VERIFICADO EN VISITA
... A18: MULTIMETRO DIGITAL | B18: 2 | C18: VERIFICADO EN VISITA | D18: 590-591 | E18: 2 | F18: VERIFICADO EN VISITA | G18: 2 | H18: SE VERIFICA EN VISITA TECNICA | I18: 333 | J18: 2 | K18: VERIFICADO EN VISITA
B19: CUMPLE | E19: CUMPLE | G19: CUMPLE | J19: CUMPLE

Sheet 5.3.8 CCTV
A1: 5. CAPITULO - VERIFICACIÓN Y EVALUACIÓN DE LAS PROPUESTAS 5.3. CAPACIDAD TÉCNICA 5.3.8. CCTV | B1: 3. MUNDOMOTRIZ S.A.S NIT. 901.810.895-9 | E1: 4. RUTA 30 SOLUTIONS S.A.S 900.813.442-6 | G1: 5. JAFE S.A.S. 900.221.542-3 | J1: 6. GAMA AUTOMOTORES S.A.S NIT. 800.023.917-1
A2: DESCRIPCIÓN REQUISITO | B2: DIAS DE GRABACIÓN | C2: Verificación | D2: Folio | E2: Días de grabación | F2: Verificación | G2: DIAS DE GRABACIÓN | H2: Verificación | I2: Folio | J2: DIAS DE GRABACIÓN | K2: Verificación
A3: Los talleres deberán contar con un sistema de circuito cerrado de televisión (CCTV), el cual deberá permitir su ampliación o escalabilidad conforme a las necesidades que identifique la supervisión, con el fin de garantizar el control y seguimiento de las actividades. En caso de presentarse fallas en cualquiera de los equipos que integran el sistema de CCTV, el contratista deberá realizar su reparación o reposición en un plazo máximo de veinticuatro (24) horas, con el fin de evitar la pérdida de registros y evidencias. Así mismo, el sistema deberá garantizar que las grabaciones se almacenen en una resolución mínima en alta definición (HD) para la totalidad de las cámaras, con una capacidad mínima de almacenamiento no inferior a treinta (30) días, donde se realice el respectivo backup, el cual deberá ser guardado durante los siguientes sesenta (60) días. La acreditación de lo anteriormente descrito se realizará mediante la visita técnica efectuada por la Entidad, en la cual se verificará la existencia, funcionamiento y cumplimiento de las condiciones exigidas para el sistema de CCTV y quedará consignada en el acta. | B3: 75 DIAS DE GRABACION 14 CÁMARAS OPERATIVAS | C3: SE VERIFICA LAS CONDICIONES MINIMAS REQUERIDA EN LA VISITA TECNICA. ADIONALMENTE APORTA CONTRATO CON TELESENTINEL | D3: 160-174 | E3: 90 DIAS DE GRABACION 31 CAMARAS | F3: SE VERIFICA LAS CONDICIONES MINIMAS REQUERIDAS EN LA VISITA TECNICA | G3: 90 DIAS DE GRABACION HD 24 CÁMARAS | H3: SE VERIFICA LAS CONDICIONES MINIMAS REQUERIDA EN LA VISITA TECNICA | I3: 233 | J3: 30 DIAS DE GRABACION 33 CAMARAS OPERATIVAS | K3: SE VERIFICA LAS CONDICIONES MINIMAS REQUERIDA EN LA VISITA TECNICA
A4: RESULTADO | B4: CUMPLE | E4: CUMPLE | G4: CUMPLE | J4: CUMPLE

Sheet 5.3.9 Uso del suelo
A1: 5. CAPITULO - VERIFICACIÓN Y EVALUACIÓN DE LAS PROPUESTAS 5.3. CAPACIDAD TÉCNICA 5.3.9. Uso del Suelo | B1: 3. MUNDOMOTRIZ S.A.S NIT. 901.810.895-9 | D1: 4. RUTA 30 SOLUTIONS S.A.S 900.813.442-6 | F1: 5. JAFE S.A.S. 900.221.542-3 | H1: 6. GAMA AUTOMOTORES S.A.S NIT. 800.023.917-1
A2: DESCRIPCIÓN REQUISITO | B2: Verificación | C2: Folio | D2: Verificación | E2: Folio | F2: Verificación | G2: Folio | H2: Verificación | I2: Folio
A3: El proponente deberá acreditar que el establecimiento de comercio donde se ejecutarán las actividades objeto del contrato cuenta con un uso del suelo compatible con dichas actividades, de conformidad con la normativa urbanística vigente. Para tal efecto, deberá aportar: • Concepto técnico de uso del suelo expedido por la autoridad competente, o • Documento equivalente emitido por la Secretaría de Planeación municipal o distrital, o quien haga sus veces Lo anterior, en cumplimiento de lo dispuesto en la Ley 388 de 1997, el Decreto 1077 de 2015 y el Plan de Ordenamiento Territorial (POT) vigente del municipio donde se encuentre ubicado el establecimiento. | B3: CURADURIA URBANA PRIMERA DE MEDELLIN PERMITIDA CALLE 65 #55 A 43 | C3: 175-176 | D3: CURADURIA URBANA TERCERA DE MEDELLIN PERMITIDA CALLE 30 No 59-66 | E3: 278-279 | F3: CURADURIA URBANA TERCERA DE MEDELLIN - CONCEPTO PERMITIDA CLL 30 No. 59-58 | G3: 235 | H3: CURADURIA URBANA TERCERA DE MEDELLIN PERMITIDA CARRERA 43 A No. 30-74 | I3: 153-154
A4: RESULTADO | B4: CUMPLE | D4: CUMPLE | F4: CUMPLE | H4: CUMPLE

Sheet 5.3.10 Concepto técnico de seg 
A1: 5. CAPITULO - VERIFICACIÓN Y EVALUACIÓN DE LAS PROPUESTAS 5.3. CAPACIDAD TÉCNICA 5.3.10. Concepto técnico de seguridad humana y protección contra incendios | B1: 3. MUNDOMOTRIZ S.A.S NIT. 901.810.895-9 | D1: 4. RUTA 30 SOLUTIONS S.A.S 900.813.442-6 | F1: 5.JAFE S.A.S. 900.221.542-3 | H1: 6. GAMA AUTOMOTORES S.A.S NIT. 800.023.917-1
A2: DESCRIPCIÓN REQUISITO | B2: Verificación | C2: Folio | D2: Verificación | E2: Folio | F2: Verificación | G2: Folio | H2: Verificación | I2: Folio
A3: El proponente deberá acreditar que el establecimiento de comercio donde se ejecutarán las actividades objeto del contrato cumple con las condiciones de seguridad humana | B3: INSPECCIÓN No. 12593 HASTA 25/05/2027 | C3: 177-180 | D3: INSPECCIÓN No. ES-17202 HASTA 03/09/2027 DAGRD | E3: 281-282 PAGINAS | F3: INSPECCIÓNNo. ES-14932 HASTA EL 12/06/2027 DAGRD | G3: 237
A4: Concepto Técnico de Bomberos vigente Documento equivalente que haga sus veces, emitido por la autoridad de gestión del riesgo o entidad competente conforme a la organización administrativa del respectivo municipio o distrito. Encontrarse vigente al momento del cierre del proceso. Corresponder exactamente a la dirección del establecimiento donde se ejecutará el contrato. Contener concepto favorable o apto para el desarrollo de la actividad económica propuesta. No presentar condicionamientos pendientes, medidas correctivas vigentes o requerimientos no subsanados que afecten la operación. Incluir, cuando aplique, la clasificación del nivel de riesgo del establecimiento conforme a la actividad desarrollada. | H4: INSPECCIÓN No. 1091 HASTA 07/11/2026 | I4: 155-156
A5: RESULTADO | B5: CUMPLE | D5: CUMPLE | F5: CUMPLE | H5: CUMPLE

Sheet 5.3.11. Cumplimiento de la norm
A1: 5. CAPITULO - VERIFICACIÓN Y EVALUACIÓN DE LAS PROPUESTAS 5.3. CAPACIDAD TÉCNICA 5.3.11. Cumplimiento de la normativa Ambiental: | B1: 3. MUNDOMOTRIZ S.A.S NIT. 901.810.895-9 | D1: 4. RUTA 30 SOLUTIONS S.A.S 900.813.442-6 | F1: 5.JAFE S.A.S. 900.221.542-3 | H1: 6. GAMA AUTOMOTORES S.A.S NIT. 800.023.917-1
A2: DESCRIPCIÓN REQUISITO | B2: Verificación | C2: Folio | D2: Verificación | E2: Folio | F2: Verificación | G2: Folio | H2: Verificación | I2: Folio
A3: El proponente deberá acreditar que el establecimiento de comercio donde se ejecutarán las actividades objeto del contrato cumple con las condiciones de seguridad humana
A4: Para ello, deberá aportar evidencia de los siguientes documentos: • Registro como generador de residuos peligrosos ante la autoridad ambiental competente vigente. • Contrato o certificación vigente con gestor autorizado para la recolección y disposición final de residuos peligrosos. • Procedimiento o plan de manejo de residuos peligrosos implementado en sus instalaciones. Cuando el proponente, de acuerdo con la cantidad de residuos peligrosos generados y la normativa ambiental vigente, no se encuentre obligado a realizar el registro como generador de RESPEL, no será exigible la presentación de dicho registro. En este caso, el proponente deberá acreditar que realiza una adecuada gestión de los residuos peligrosos generados en el desarrollo de sus actividades mediante la presentación de certificaciones, constancias, manifiestos, certificados de entrega y/o disposición final, contratos o documentos equivalentes, expedidos por el gestor autorizado o por el tercero encargado de su manejo, que permitan verificar la correcta entrega, tratamiento, aprovechamiento y/o disposición final de los residuos peligrosos. | B4: ACLARA MEDIANTE CERTIFICACIÓN QUE NO ESTAN OBLIGADOS SEGÚN CANTIDAD DE RESIDIOS Y APORTA DOCUMENTOS PARA EL MECANISMO DE LA DISPOSICIÓN DE LOS MISMOS. | C4: 181-243 | D4: FORMATO 158483 CONTRATO Y PLAN DE MANEJO INTEGRAL DE RESIDUOS | E4: 283-325 PAGINAS | F4: FORMATO 139573 CONTRATO Y PLAN DE MANEJO INTEGRAL DE RESIDUOS | G4: 239-296 PAGINAS | H4: FORMATO 191363 PLAN DE MANEJO INTEGRAL DE RESIDUOS, CERTIFICADORES DE GESTORES AUTORIZADOS PARA LA DISPOSICIÓN FINAL DE RESIDUOS PELIGROSOS, ENTREGA CERTIFICACIONES DE LAS DISPOSICIONES DE LOS RESIDUOS PELIGROSOS | I4: 157-206
A5: RESULTADO | B5: CUMPLE | D5: CUMPLE | F5: CUMPLE | H5: CUMPLE

Sheet 5.3.12. Personal Mínimo Requeri
A1: JEFE O COORDINADOR
A2: PROPONENTE | B2: Nombre y apellidos | C2: Hoja de vida | D2: Documento de Identidad. | E2: Técnico, técnico profesional, tecnólogo o profesional en áreas administrativas, mecánicas, automotrices o afines en áreas administrativas o afines, o en áreas mecánicas. | F2: Contrato firmado por ambas partes. VINCULACION MINIMO DE 1 MES | G2: Certificados laborales o contractuales | H2: EXPERIENCIA MINIMO 3 AÑOS en cargos similares | I2: OBSERVACIONES | J2: FOLIO | K2: RESULTADO
A3: 3. MUNDOMOTRIZ NIT. 901.810.895-9 | B3: LUIS FERNANDO RAMIREZ | C3: SI | D3: 71692208 | E3: INGENIERO INDUSTRIAL | F3: 1/06/2026 INDEFINIDO | G3: SERAUTOS | H3: 3 AÑOS, 2 MESES Y 11 DIAS | J3: 417-428 | K3: CUMPLE
A4: 4. RUTA 30 SOLUTIONS S.A.S NIT. 900.813.442-6 | B4: BRENDA KARIME GIRON BUENBERGER | C4: SI | D4: 1127538939 | E4: INGENIERA INDUSTRIAL | F4: 27/09/2023 INDEFINIDO | G4: COCHEXPRESS RUTA 30 | H4: 3 AÑOS, 6 MESES y 27 DIAS | I4: APORTA CONTRATO DE VINCULACIÓN LABORAL PERO DE CONFORMIDAD CON LA EXPERIENCIA QUE APORTA DICE QUE LABORA DESDE EL 05/04/2024 COMO ADMINISTRADORA Y JEFE DE TALLER Y EL CONTRATO DICE QUE SE VINCULÓ COMO AUXILIAR DE ADMINISTRACIÓN, ENCONTRANDOSE UNA CONTRADICCIÓN DOCUMENTAL ENTRE LA CERTIFICACIÓN Y EL CONTRATO DE RUTA 30 SOBRE EL CARGO REAL DESEMPEÑADO. | J4: 331-341 PAGINAS | K4: NO CUMPLE
A5: 5. JAFE S.A.S. NIT. 900.221.542-3 | B5: LUZ ADIELA CARDENAS TOBON | C5: SI | D5: 43.810.739 | E5: CONTADORA PÚBLICA | F5: 01/01/2017 TERMINO FIJO | G5: JAFE | H5: 9 AÑOS, 8 MESES y 9 DIAS | J5: 307-314 PAGINAS | K5: CUMPLE
A6: 6. GAMA AUTOMOTORES S.A.S NIT. 800.023.917-1 | B6: YURLEY PAOLA DIAZ VEGA | C6: SI | D6: 1.093.786.742 | E6: CONTADORA PÚBLICA | F6: CONTRATO DE PRESTACIÓN DE SERVICIOS 01/11/2020 | G6: GAMA | H6: 5 AÑOS Y 10 MESES | I6: APORTA CERTIFICACIÓN DE EXPERIENCIA COMO COORDINADORA ADMINISTRATIVA DESDE EL 01/11/2020 Y NO COMO JEFE DE TALLER, TAMPOCO SE CUENTA CON DOCUMENTO QUE DESCRIBE QUE LAS FUNCIONES COMO COORDINADORA ADMINISTRATIVA TENGA RELACIÓN CON LAS DESCRITAS PARA EL PERFIL. | J6: 419-427 | K6: NO CUMPLE
A8: Mecánico Automotriz: | B8: minimo 5
A9: PROPONENTE | B9: Nombre y apellidos | C9: Hoja de vida. | D9: Documento de Identidad. | E9: Mínimo de cinco mecánicos automotrices o mecánicos de motocicleta, | F9: Contrato firmado por ambas partes. VINCULACION MINIMO DE 1 MES | G9: Certificados laborales o contractuales | H9: experiencia mínima de un (1) año | I9: OBSERVACIONES | J9: FOLIO | K9: FOLIO
A10: 3. MUNDOMOTRIZ NIT. 901.810.895-9 | B10: JOSE ALEXANDER LEON ROMERO | C10: SI | D10: 71.361.893 | E10: MECANICA DE MOTOS | F10: INDEFINIDO 1/08/2025 | G10: SERAUTOS | H10: 3 AÑOS, 2 MESES Y 29 DIAS | J10: 594-608 | K10: CUMPLE
B11: VICTOR ALEJANDRO CALVACHI CASTRO | C11: SI | D11: 98.532.153 | E11: TECNOLOGO EN MECANICA AUTOMOTRIZ | F11: INDEFINIDO 1/08/2026 | I11: CERTIFICACIONES ILEGIBLES (NO PERMITEN VERIFICAR FECHAS) Y/O EXPEDIDAS POR EMPRESAS DE TRANSPORTE O DE CEMENTO, QUE NO CORRESPONDEN A TALLERES O CENTROS DE SERVICIO AUTOMOTRIZ, QUE ES EL REQUISITO ESTABLECIDO EN EL PLIEGO DE CONDICIONES | J11: 609-639 | K11: NO CUMPLE
B12: SANTIAGO ACEVEDO CASTAÑEDA | C12: SI | D12: 1.040.757.852 | E12: MANTENIMIENTO DE MOTORES GASOLINA Y GAS | F12: INDEFINIDO 01/08/2026 | G12: SERAUTOS | H12: 2 AÑOS, SEIS MESES Y 26 DIAS | J12: 640-648 | K12: CUMPLE
B13: DAVID ALEXANDER LOPEZ SERNA | C13: SI | D13: 1.039.452.356 | E13: TECNOLOGO EN MANTENIMIENTO MECATRONICO DE AUTOMOTORES | F13: INDEFINIDO 1/08/2026 | G13: SERAUTOS | H13: 2 AÑOS, 1 MES Y 21 DIAS | J13: 649-662 | K13: CUMPLE
B14: JOSE ANDRES CALVICHE CASTRO | C14: SI | D14: 98.535.216 | E14: BACHILLER TECNICO INDUSTRIAL EN MECANICA AUTOMOTRIZ Y DIESEL | F14: INDEFINIDO 1/08/2026 | G14: COCHEXPRESS S.A.S SERAUTOS | H14: 10 AÑOS, 4 MESES Y 22 DIAS | J14: 663-676 | K14: CUMPLE
A15: 4. RUTA 30 SOLUTIONS S.A.S NIT. 900.813.442-6 | B15: ADRIAN DAVIS ZAPATA MARIN | C15: SI | D15: 98.696.960 | E15: TECNICO LABORAL POR COMPETENCIAS EN NECANICA AUTOMOTRIZ PARA SERVITECAS | F15: INDEFINIDO 24/03/2026 | G15: MOTOS RUTA 80 S.A.S RUTA 30 | H15: 3 AÑOS Y 6 MESES | J15: 555-565 | K15: CUMPLE
B16: JAIR ANDRES ESTRADA MUÑOZ | C16: SI | D16: 71.385.577 | E16: TECNICO LABORAL POR COMPETENCIAS EN REPARACION DE MOTOS | F16: PRESTACION DE SERVICIOS Y SUMINISTROS 22/01/2025 | G16: COCHE EXPRESS | H16: 2 AÑOS | J16: 567-575 | K16: CUMPLE
B17: JUAN JOSE ARBOLEDA OSOTIO | C17: SI | D17: 1.000.536.260 | E17: TECNICO LABORAL POR COMPETENCIA EN MECANICO DE MOTOCICLETAS | F17: PRESTACION DE SERVICIOS Y SUMINISTROS 01/08/2024 | G17: SERVICENTRO LA 30A RUTA 30 | H17: 4 AÑOS, 3 MESES Y 6 DÍAS | J17: 577-586 | K17: CUMPLE
B18: JERLIN ANTONIO BETANCUR | C18: SI | D18: 71.695.986 | E18: TECNICO LABORAL POR COMPETENCIA EN MANTENIMIENTO DE MOTOS | F18: PRESTACION DE SERVICIOS Y SUMINISTROS 01/06/2023 | G18: RUTA 30 | H18: 3 AÑOS, 2 MESES Y 23 DÍAS | J18: 587-594 | K18: CUMPLE
B19: JOHAN ESTEBAN ROJAS ALVAREZ | C19: SI | D19: 1.036.612.392 | E19: BACHILLER TECNICO INDUSTRIAL EN MECANICA AUTOMOTRIZ Y DIESEL | F19: INDEFINIDO 19/11/2025 | G19: RUTA 30 | H19: 4 AÑOS, 8 MESES Y 25 DÍAS | J19: 595-611 | K19: CUMPLE
A20: 5. JAFE S.A.S. NIT. 900.221.542-3 | B20: JULIAN ALONSO OROZCO TRUJILLO | C20: SI | D20: 8029604 | E20: TÉCNICO EN MANTENIMIENTO DE MOTOCICLETAS | F20: FIJO 13/04/2022 | G20: JAFE | H20: 4 AÑOS, 2 MESES Y 27 DÍAS | J20: 347-358 | K20: CUMPLE
B21: DIEGO ALEXANDER GUTIERREZ ZAPATA | C21: SI | D21: 1036601127 | E21: TÉCNICO LABORAL POR COMPETENCIAS EN MANTENIMIENTO Y REPARACIÓN DE MOTOS | F21: INDEFINIDO 19/03/2024 | G21: JAFE | H21: 2 AÑOS, 3 MESES Y 25 DÍAS | J21: 361-369 | K21: CUMPLE
B22: JUAN CAMILO GUTIERREZ GUTIERREZ | C22: SI | D22: 1234988835 | E22: TÉCNICO LABORAL POR COMPETENCIAS MECANICO DE MOTOCICLETAS | F22: INDEFINIDO 15/05/2023 | G22: JAFE | H22: 3 AÑOS, 3 MESES Y 27 DÍAS | J22: 371-380 | K22: CUMPLE
B23: BRAYHAN HURTADO ARANGO | C23: SI | D23: 1.152.214.098 | E23: TÉCNICO LABORAL POR COMPETENCIAS MECANICO DE MOTOCICLETAS | F23: FIJO 07/12/2023 | G23: JAFE | H23: 2 AÑOS, 7 MESES Y 7 DÍAS | J23: 337-346 | K23: CUMPLE
B24: KEVIN ANDRES ALVAREZ SANCHEZ | C24: SI | D24: 1.001.469.547 | E24: TÉCNICO LABORAL POR COMPETENCIAS MECANICO DE MOTOCICLETAS | F24: INDEFINIDO 23/01/2023 | G24: JAFE | H24: 3 AÑOS, 7 MESES Y 19 DÍAS | J24: 381-390 | K24: CUMPLE
A25: 6. GAMA AUTOMOTORES S.A.S NIT. 800.023.917-1 | B25: HECTOR ALEXANDER RAMIREZ RAMIREZ | C25: SI | D25: 1.128.267.977 | E25: TÉCNICO LABORAL POR COMPETENCIAS EN MECANICA DE MOTOS | F25: PRESTACIÓN DE SERVICIOS 21/06/2021 | G25: GAMA | H25: 5 AÑOS, 2 MESES Y 18 DIAS | J25: 428-435 | K25: CUMPLE
B26: WAITER DE JESUS TORRES | C26: SI | D26: 1.152.218.484 | E26: TECNICO EN MANTENIMIENTO DE LAS MOTOCICLETAS | F26: PRESTACIÓN DE SERVICIOS 13/01/2025 | G26: GAMA | H26: 1 AÑO. 2 MESES Y 17 DIAS | J26: 436-444 | K26: CUMPLE
B27: SARED CRISTINA MORALES MORALES | C27: SI | D27: 1.036.840.454 | E27: TÉCNICA LABORAL POR COMPETENCIAS EN MECANICA DE MOTOS | F27: PRESTACIÓN DE SERVICIOS 07/02/2022 | G27: GAMA | H27: 3 AÑOS Y 9 MESES | J27: 445-453 | K27: CUMPLE
B28: DANIEL STIVEN DIAZ VALENCIA | C28: SI | D28: 1.036.667.668 | E28: TECNICO LABORAL EN MECANICA DE MOTOCICLETAS | F28: PRESTACIÓN DE SERVICIOS 21/06/2024 | G28: GAMA | H28: 2 AÑOS Y 10 DIAS | J28: 454-461 | K28: CUMPLE
B29: JHON ALEJANDRO MARIN CANO | C29: SI | D29: 1000188969 | E29: TÉCNICO EN MANTENIMIENTO DE MOTOCICLETAS | F29: PRESTACIÓN DE SERVICIOS 18/03/2024 | G29: GAMA | H29: 2 AÑOS, 2 MESES Y 14 DIAS | J29: 462-468 | K29: CUMPLE

Sheet 5.4. Evaluación
A1: 5.5. FACTORES DE EVALUACIÓN
A2: Factor de Evaluación | B2: 3. MUNDOMOTRIZ S.A.S NIT. 901.810.895-9 | C2: 4. RUTA 30 SOLUTIONS S.A.S NIT. 900.813.442-6 | D2: 5. JAFE S.A.S. NIT. 900.221.542-3 | E2: 6. GAMA AUTOMOTORES S.A.S NIT. 800.023.917-1
A3: Factor Económico | B3: =+'5.5.1. Económico'!E5 -> 388 | C3: =+'5.5.1. Económico'!E5 -> 388 | D3: ='5.5.1. Económico'!K5 -> 388 | E3: =+'5.5.1. Económico'!N5 -> 388
A4: Factor Técnico | B4: =+'5.5.2.1. Personal adicional '!D7+'5.5.2.2. Puestos de trabajo adi'!D7+'5.5.2.3. Certific de Distribuid'!D11+'5.5.2.4 MOTOGRUA'!B8 -> 440 | C4: =+'5.5.2.1. Personal adicional '!F7+'5.5.2.2. Puestos de trabajo adi'!G7+'5.5.2.3. Certific de Distribuid'!G11+'5.5.2.4 MOTOGRUA'!E8 -> 480 | D4: =+'5.5.2.1. Personal adicional '!H7+'5.5.2.2. Puestos de trabajo adi'!J7+'5.5.2.3. Certific de Distribuid'!J11+'5.5.2.4 MOTOGRUA'!H8 -> 360 | E4: =+'5.5.2.1. Personal adicional '!K7+'5.5.2.2. Puestos de trabajo adi'!M7+'5.5.2.3. Certific de Distribuid'!M11+'5.5.2.4 MOTOGRUA'!K8 -> 480
A5: Emprendimiento de Mujeres | B5: ='5.5.3., 5.5.4., 5.5.5., Varios'!E3 -> 0 | C5: =+'5.5.3., 5.5.4., 5.5.5., Varios'!H3 -> 0 | D5: =+'5.5.3., 5.5.4., 5.5.5., Varios'!L3 -> 0 | E5: =+'5.5.3., 5.5.4., 5.5.5., Varios'!P3 -> 0
A6: Estimulo a la Industria Nacional Colombiana | B6: ='5.5.3., 5.5.4., 5.5.5., Varios'!E4 -> 100 | C6: =+'5.5.3., 5.5.4., 5.5.5., Varios'!H4 -> 100 | D6: =+'5.5.3., 5.5.4., 5.5.5., Varios'!L4 -> 100 | E6: =+'5.5.3., 5.5.4., 5.5.5., Varios'!L4 -> 100
A7: Personal con Discapacidad | B7: ='5.5.3., 5.5.4., 5.5.5., Varios'!E5 -> 0 | C7: =+'5.5.3., 5.5.4., 5.5.5., Varios'!H5 -> 0 | D7: =+'5.5.3., 5.5.4., 5.5.5., Varios'!L5 -> 0 | E7: =+'5.5.3., 5.5.4., 5.5.5., Varios'!L5 -> 0
A8: TOTAL PUNTOS | B8: =B3+B4+B5+B6+B7 -> 928 | C8: =C3+C4+C5+C6+C7 -> 968 | D8: =D3+D4+D5+D6+D7 -> 848 | E8: =E3+E4+E5+E6+E7 -> 968

Sheet 5.5.1. Económico
A1: 5. CAPITULO - VERIFICACIÓN Y EVALUACIÓN DE LAS PROPUESTAS 5.5. FACTORES DE EVALUACIÓN 5.5.1. Factor Económico | D1: 3. MUNDOMOTRIZ S.A.S NIT. 901.810.895-9 | G1: 4. RUTA 30 SOLUTIONS S.A.S NIT. 900.813.442-6 | J1: 5.JAFE S.A.S. NIT. 900.221.542-3 | M1: 6. GAMA AUTOMOTORES S.A.S NIT. 800.023.917-1
A2: ÍTEM | B2: REQUERIMIENTO | C2: PUNTAJE MAXIMO EVALUABLE | D2: % | E2: Puntos | F2: Folio | G2: % | H2: Puntos | I2: Folio | J2: % | K2: Puntos | L2: Folio | M2: % | N2: Puntos | O2: Folio
A3: A | B3: Porcentaje base de descuento será del cuatro por ciento (4%), por lo cual los proponentes deberán presentar su oferta para este criterio a partir de dicho porcentaje, pudiendo ofertar hasta un máximo del veinte por ciento (20%) para efectos de la asignación de puntaje | C3: 388 | D3: 20 | E3: =388*(D3/20) -> 388 | F3: 294 | G3: 20 | H3: =388*(G3/20) -> 388 | I3: 615 | J3: 20 | K3: =388*(J3/20) -> 388 | L3: 151 | M3: 20 | N3: =388*(M3/20) -> 388 | O3: 303
B4: ANEXO No. 10 | D4: OK | G4: OK | M4: OK
A5: TOTAL | D5: - | E5: =SUM(E3:E4) -> 388 | F5: - | G5: - | H5: =SUM(H3:H4) -> 388 | I5: - | J5: - | K5: =K3 -> 388 | L5: - | M5: - | N5: =SUM(N3:N4) -> 388 | O5: -

Sheet 5.5.2.1. Personal adicional 
A1: 5. CAPITULO - VERIFICACIÓN Y EVALUACIÓN DE LAS PROPUESTAS 5.5. FACTORES DE EVALUACIÓN 5.5.2.1. Personal adicional (120puntos) | D1: 3. MUNDOMOTRIZ S.A.S NIT. 901.810.895-9 | F1: 4. RUTA 30 SOLUTIONS S.A.S 900.813.442-6 | H1: 5.JAFE S.A.S. 900.221.542-3 | K1: 6. GAMA AUTOMOTORES S.A.S NIT. 800.023.917-1
A2: ÍTEM | B2: CAPACIDAD TÉCNICA | C2: PUNTAJE MAXIMO EVALUABLE | D2: puntos | E2: folio | F2: puntos | G2: folio | H2: puntos | I2: folio | J2: Observaciones | K2: puntos | L2: folio
A3: A | B3: 1 Mecánico | C3: 40
A4: B | B4: 2 Mecánicos | C4: 80
A5: C | B5: 3 Mecánicos | C5: 120 | D5: 120 | E5: 678-726 | F5: 120 | G5: 617-649 | H5: 0 | I5: 393-419 | K5: 120 | L5: 470-501
B6: ANEXO No. 20 | E6: 677 | G6: 616 | J6: VERIFICADA LA PROPUESTA PRESENTADA POR EL OFERENTE, SE EVIDENCIÓ QUE NO APORTÓ EL ANEXO NO. 20 "PERSONAL ADICIONAL LOTE 2", EXIGIDO EN EL PLIEGO DE CONDICIONES PARA LA ACREDITACIÓN Y EVALUACIÓN DEL FACTOR PONDERABLE "PERSONAL ADICIONAL". SI BIEN EL PROPONENTE ALLEGÓ ALGUNOS DOCUMENTOS SOPORTE, NO CUMPLIÓ INTEGRALMENTE LA FORMA DE ACREDITACIÓN ESTABLECIDA POR LA ENTIDAD, LA CUAL EXIGÍA TANTO EL DILIGENCIAMIENTO DEL ANEXO COMO LA PRESENTACIÓN DE LOS RESPECTIVOS SOPORTES. EN CONSECUENCIA, NO RESULTA PROCEDENTE LA ASIGNACIÓN DE PUNTAJE POR ESTE FACTOR DE EVALUACIÓN, OTORGÁNDOSE CERO (0) PUNTOS. | L6: 469
A7: TOTAL | D7: =SUM(D3:D5) -> 120 | F7: =SUM(F3:F5) -> 120 | H7: =SUM(H3:H5) -> 0 | K7: =SUM(K3:K5) -> 120
B9: Certificados laborales o contractuales | C9: experiencia mínima de un (1) año

Sheet 5.5.2.2. Puestos de trabajo adi
A1: 5. CAPITULO - VERIFICACIÓN Y EVALUACIÓN DE LAS PROPUESTAS 5.5. FACTORES DE EVALUACIÓN 5.5.2.2. Puestos de trabajo adicional (120puntos) | D1: 3. MUNDOMOTRIZ S.A.S NIT. 901.810.895-9 | G1: 4. RUTA 30 SOLUTIONS S.A.S 900.813.442-6 | J1: 5.JAFE S.A.S. 900.221.542-3 | M1: 6. GAMA AUTOMOTORES S.A.S NIT. 800.023.917-1
A2: ÍTEM | B2: CAPACIDAD TÉCNICA | C2: PUNTAJE MAXIMO EVALUABLE | D2: puntos | E2: folio | F2: OBSERVACION | G2: puntos | H2: folio | I2: OBSERVACION | J2: puntos | K2: folio | L2: OBSERVACION | M2: puntos | N2: folio
A3: A | B3: 1-2 puestos adicionales | C3: 40
A4: B | B4: 3-4 puestos adicionales | C4: 80
A5: C | B5: 5 puestos o más | C5: 120 | D5: 120 | E5: 728 | F5: SE VERIFICA EN VISITA | G5: 120 | H5: 651 | I5: SE VERIFICA EN VISITA | J5: 120 | K5: 651 | L5: SE VERIFICA EN VISITA | M5: 120 | N5: SE VERIFICA EN VISITA
B6: Anexo No. 21 | D6: OK | G6: OK | J6: OK | M6: OK | N6: 502
A7: TOTAL | D7: =SUM(D3:D5) -> 120 | G7: =SUM(G3:G5) -> 120 | J7: =SUM(J3:J5) -> 120 | M7: =SUM(M3:M5) -> 120

Sheet 5.5.2.3. Certific de Distribuid
A1: 5. CAPITULO - VERIFICACIÓN Y EVALUACIÓN DE LAS PROPUESTAS 5.5. FACTORES DE EVALUACIÓN 5.5.2.3. Certificación de Distribuidor Autorizado (120 puntos) | D1: 3. MUNDOMOTRIZ S.A.S NIT. 901.810.895-9 | G1: 4. RUTA 30 SOLUTIONS S.A.S 900.813.442-6 | J1: 5.JAFE S.A.S. 900.221.542-3 | M1: 6. GAMA AUTOMOTORES S.A.S NIT. 800.023.917-1
A2: ÍTEM | B2: CAPACIDAD TÉCNICA | C2: PUNTAJE MAXIMO EVALUABLE | D2: puntos | E2: folio | F2: OBSERVACION | G2: puntos | H2: folio | I2: OBSERVACION | J2: puntos | K2: folio | L2: OBSERVACION | M2: puntos | N2: folio | O2: OBSERVACION
B3: Se otorgarán hasta ciento veinte (120) puntos al proponente que acredite, mediante certificación vigente, su condición de distribuidor autorizado, proveedor autorizado, comercializador autorizado, o mediante carta expedida por fabricante, importador, concesionario o proveedor autorizado, que certifique que el oferente adquiere y suministra repuestos originales de las marcas referenciadas de motocicletas. Cuando el oferente acredite el requisito a través de la calidad de proveedor autorizado, comercializador autorizado, o mediante una relación comercial con un tercero que a su vez sea distribuidor mayorista, importador o concesionario oficial de la marca esto es, cuando el oferente no ostente directamente la condición de distribuidor, importador o concesionario autorizado por el fabricante, deberá aportar, junto con su propia certificación o carta comercial, el soporte que acredite que dicho tercero (su proveedor) cuenta efectivamente con la autorización vigente del fabricante o representante de marca para la comercialización de los repuestos originales correspondientes. | C3: • AKT • AUTECO • HONDA • KAWASAKI • SUZUKI • YAMAHA | E3: 735-756 | F3: SOLO SE ACREDITA TAL COMO SE INDICÓ EN EL PLIEGO DE CONDICIONES , LA DISTRIBUCION, COMERCIALIZACION, IMPORTACIÓN (..) DE LAS SIGUIENTES MARCAS: HONDA, YAMAHA, AKT Y AUTECO | H3: 653-662 | I3: SOLO SE ACREDITA TAL COMO SE INDICÓ EN EL PLIEGO DE CONDICIONES , LA DISTRIBUCION, COMERCIALIZACION, IMPORTACIÓN (..) DE LAS SIGUIENTES MARCAS: AUTECO, KAWASAKI, YAMAHA, SUZUKI, HONDA Y AKT | K3: 423-432 | L3: SOLO SE ACREDITA TAL COMO SE INDICÓ EN EL PLIEGO DE CONDICIONES , LA DISTRIBUCION, COMERCIALIZACION, IMPORTACIÓN (..) DE LAS SIGUIENTES MARCAS: YAMAHA, HONDA, SUZUKI, AKT, AUTECO Y KAWASAKI | N3: 503-511 | O3: ACREDITA TAL COMO SE INDICÓ EN EL PLIEGO DE CONDICIONES , LA DISTRIBUCION, COMERCIALIZACION, IMPORTACIÓN (..) DE LAS SIGUIENTES MARCAS: AKT, AUTECO, KAWASAKI, SUZUKI, HONDA Y YAMAHA
A4: A | B4: 1 | C4: 20
A5: B | B5: 2 | C5: 40
A6: C | B6: 3 | C6: 60
A7: A | B7: 4 | C7: 80 | D7: 80 | E7: 735-756
A8: B | B8: 5 | C8: 100
A9: C | B9: 6 | C9: 120 | G9: 120 | H9: 653-662 | J9: 120 | K9: 423-432 | M9: 120 | N9: 503-511
A11: TOTAL | D11: =SUM(D4:D10) -> 80 | G11: =SUM(G4:G10) -> 120 | J11: =SUM(J4:J10) -> 120 | M11: =SUM(M4:M10) -> 120

Sheet 5.5.2.4 MOTOGRUA
A1: 5. CAPITULO - VERIFICACIÓN Y EVALUACIÓN DE LAS PROPUESTAS 5.5. FACTORES DE EVALUACIÓN 5.5.2.4 Moto grúa | B1: 3. MUNDOMOTRIZ S.A.S NIT. 901.810.895-9 | E1: 4. RUTA 30 SOLUTIONS S.A.S 900.813.442-6 | H1: 5.JAFE S.A.S. 900.221.542-3 | K1: 6. GAMA AUTOMOTORES S.A.S NIT. 800.023.917-1
A2: DESCRIPCIÓN REQUISITO | B2: PUNTOS | C2: Verificación | D2: Folio | E2: PUNTOS | F2: Verificación | G2: Folio | H2: PUNTOS | I2: Verificación | J2: Folio | K2: PUNTOS | L2: Verificación | M2: Folio
A3: Se otorgarán ciento veinte (120) puntos al proponente que acredite la disponibilidad de una (1) moto grúa o cualquier otro vehículo o equipo técnicamente equivalente y deberá acreditar, el cumplimiento de las siguientes especificaciones técnicas mínimas: (i) Capacidad de carga mínima de 500 kg para movilizar simultáneamente mínimo dos (2) motocicletas de hasta 200 kg cada una; (ii) Plataforma o platón especializado de mínimo 3 metros de longitud por 1.8 metros de ancho, en lámina estriada antideslizante; (iii) Rampa de acceso, manual o hidráulica, de mínimo 35-40 cm de ancho y ángulo máximo de 15°; (iv) Sistema de sujeción con mínimo dos (2) puntos de anclaje por motocicleta mediante correas tipo trinquete de 400 kg de capacidad; y (v) Sistema de iluminación y señalización reglamentaria conforme a las normas de tránsito vigentes. | B3: 120 | C3: CONVENIO COMERCIAL PLACA: WPS412 MODELO: 2020 NPR | D3: 729-734 | E3: 120 | F3: CONVENIO DE SERVICIO PLACA: USB174 MODELO: 2007 NKR | G3: 663-665 | H3: 120 | I3: CONVENIO DE SERVICIO PLACA: USB174 MODELO: 2007 NKR | J3: 435-437 | K3: 120 | L3: CONTRATO PRESTACIÓN DE SERVICIOS LINEA HD78 C MODELO 2019 PLACA: ESQ178 | M3: 512-513
A4: Matrícula de propiedad y/o contrato de la moto grúa | C4: No. 10029621157 PLACA:WPS412 | F4: No. 10029296975 PLACA:USB174 | I4: No. 10029296975 PLACA:USB174 | L4: No. 10023769324, PLACA ESQ178 | M4: 516-517
A5: SOAT vigente | C5: APORTA DOCUMENTO VIGENTE | F5: APORTA DOCUMENTO VIGENTE | I5: APORTA DOCUMENTO VIGENTE | L5: APORTA DOCUMENTO VIGENTE | M5: 514
A6: Certificado de revisión técnico mecánica vigente | C6: APORTA DOCUMENTO VIGENTE | F6: APORTA DOCUMENTO VIGENTE | I6: APORTA DOCUMENTO VIGENTE | L6: APORTA DOCUMENTO VIGENTE | M6: 515
A7: Carta de compromiso | C7: 729-730 | F7: 669-670 | I7: 439-440 | M7: 518
A8: RESULTADO | B8: 120 | E8: =SUM(E3:E7) -> 120 | H8: 120 | K8: =SUM(K3:K7) -> 120 | L8: 0

Sheet 5.5.3., 5.5.4., 5.5.5., Varios
A1: ITEM | B1: CRITERIO | C1: PUNTAJE MAXIMO EVALUABLE | D1: 3. MUNDOMOTRIZ S.A.S NIT. 901.810.895-9 | G1: 4. RUTA 30 SOLUTIONS S.A.S 900.813.442-6 | K1: 5.JAFE S.A.S. 900.221.542-3 | O1: 6. GAMA AUTOMOTORES S.A.S NIT. 800.023.917-1
D2: APORTO | E2: PUNTAJE | F2: FOLIO | G2: APORTO | H2: PUNTAJE | I2: FOLIO | J2: OBSERVACIONES | K2: APORTO | L2: PUNTAJE | M2: FOLIO | N2: OBSERVACIONES | O2: APORTO | P2: PUNTAJE | Q2: FOLIO | R2: OBSERVACIONES
A3: 5.5.3 | B3: Emprendimientos y empresas de mujeres | C3: 2 | D3: NO | E3: 0 | G3: SI | H3: 0 | I3: 749-768 | J3: EL CONTRATO QUE APORTA DE BRENDA KARIME GIRON BUENBERGER EN EL PERSONAL MINIMO COMO JEFE O COORDINADOR DE TALLER, ESTÁ ES COMO AUXILIAR ADMINISTRATIVA | K3: SI | L3: 0 | M3: 319 | N3: APORTA CERTIFICACIÓN PERO LA MISMA NO RELACIONA EL TIEMPO EN QUE HA MANTENIDO SU PARTICIPACIÓN COMO ACCIONISTA, DE CONFORMIDAD CON LO ESTIPULADO EN EL PLIEGO. | O3: SI | P3: 0 | Q3: 404 | R3: EL CERTIFICADO APORTADO NO CUMPLE CON LO ESTABLECIDO EN EL PLIEGO DE CONDICIONES "ESTA CIRCUNSTANCIA SE ACREDITARÁ MEDIANTE CERTIFICACIÓN EXPEDIDA POR EL REPRESENTANTE LEGAL Y EL REVISOR FISCAL, CUANDO EXISTA DE ACUERDO CON LOS REQUERIMIENTOS DE LEY, O EL CONTADOR, DONDE CONSTE LA DISTRIBUCIÓN DE LOS DERECHOS EN LA SOCIEDAD Y EL TIEMPO EN EL QUE LAS MUJERES HAN MANTENIDO SU PARTICIPACIÓN".
A4: 5.5.4. | B4: Estímulo a la industria Nacional Colombiana | C4: 100 | D4: SI | E4: 100 | F4: 560 | G4: SI | H4: 100 | I4: 745 | K4: SI | L4: 100 | M4: 152 | O4: SI | P4: 0 | Q4: 406-413 | R4: NO CUMPLE CON LO REQUERIDO EN EL PLIEGO PARA OTRORGAR EL PUNTAJE Y TAMPOCO APORTA CERTIFICADO DEL MINSITERIO DE TRABAJO
A5: 5.5.5 | B5: Personal con discapacidad | C5: 30 | D5: NO | E5: 0 | F5: - | G5: NO | H5: 0 | I5: - | K5: NO | L5: 0 | O5: SI | P5: 100 | Q5: 405
A6: TOTAL | E6: =SUM(E3:E5) -> 100 | H6: =SUM(H3:H5) -> 100 | L6: =SUM(L3:L5) -> 100 | P6: =SUM(P3:P5) -> 100
